 Dungeon Crawl Stone Soup version 0.29.0-4-gdea44cf6ec (webtiles) character file.

Game seed: 18130136467421147193

282 qw the Chopper (level 6, 0/38 HPs)
             Began as a Gargoyle Fighter on Sept 4, 2022.
             Slain by a gnoll
             ... wielding a +0 club
             ... led by a gnoll bouda
              (2 damage)
             ... on level 4 of the Dungeon.
             The game lasted 00:01:15 (2973 turns).

qw the Chopper (Gargoyle Fighter)                   Turns: 2973, Time: 00:01:16

Health: 0/38       AC: 11    Str: 21    XL:     6   Next: 28%
Magic:  6/6        EV:  9    Int:  9    God:
Gold:   140        SH:  4    Dex:  9    Spells: 5/5 levels left

rFire   . . .      SeeInvis +   Y - +2 war axe
rCold   . . .      Faith    .   c - +0 buckler
rNeg    + + .      Spirit   .   b - +0 scale mail
rPois   inf        Reflect  .   (no helmet)
rElec   +          Harm     .   (no cloak)
rCorr   .          Rampage  .   (no gloves)
Will    .....                   (no boots)
Stlth   ..........              (no amulet)
HPRegen 0.12/turn               n - ring of positive energy
MPRegen 0.10/turn               f - ring of see invisible

@: no status effects
A: sickness immunity, AC +4, negative energy resistance 1, electricity
resistance, torment resistance 1, petrification resistance
a: no special abilities


You were on level 4 of the Dungeon.
You visited 1 branch of the dungeon, and saw 4 of its levels.

You collected 140 gold pieces.


Innate Abilities, Weirdness & Mutations

You are immune to sickness and miasma.
Your stone body is resilient. (AC +4)
You are immune to poison.
You resist negative energy. (rN+)
You are resistant to electric shocks. (rElec)
You are resistant to unholy torment.
You are immune to petrification.


   Skills:
 - Level 4.0 Fighting
 - Level 5.4 Axes
 - Level 3.2 Armour
 + Level 0.2 Dodging
 - Level 3.2 Shields


You had 5 spell levels left.
You didn't know any spells.
Your spell library was empty.

Inventory:

Hand Weapons
 o - a +0 flail
 Y - a +2 war axe (weapon)
Missiles
 p - 3 boomerangs (quivered)
Armour
 b - a +0 scale mail (worn)
 c - a +0 buckler (worn)
Jewellery
 f - a ring of see invisible (right hand)
 n - a ring of positive energy (left hand)
Scrolls
 e - a scroll of blinking {unknown}
 r - a scroll of identify
Potions
 a - a potion of mutation
 d - a potion of might
 i - a potion of lignification {unknown}
 j - a potion of curing
 k - a potion of berserk rage {unknown}
 s - a potion of cancellation {unknown}

Dungeon Overview and Level Annotations

Branches:
Dungeon (4/15)
 Temple: D:4-7

Altars:

Annotations:
D:3 3 runed translucent doors, qw's ghost, amateur FoCA; qw's ghost, amateur GrFi; qw's ghost, amateur OgEn


Message History

The gnoll is almost dead.
The gnoll hits you from afar with a +0 halberd.
The gnoll hits you but does no damage.
You hit the gnoll but do no damage.
The gnoll is almost dead.
You block the gnoll's attack. The gnoll hits you but does no damage.
The gnoll barely misses you.
You hit the gnoll.
You kill the gnoll!
The gnoll barely misses you. The gnoll closely misses you.
You block the gnoll's attack.
Your Fighting skill increases to level 4!
A kobold comes into view. It is wielding a +0 short sword.
The kobold shouts!
The gnoll is no longer moving quickly.
The gnoll closely misses you. The gnoll hits you with a +0 halberd.
Items here: %% )) [[ |.
You slash the gnoll!
The gnoll is severely wounded.
You closely miss the gnoll. The gnoll closely misses you.
The gnoll hits you with a +0 halberd. The gnoll hits you but does no damage.
You hit the gnoll but do no damage.
The gnoll is severely wounded.
You slash the gnoll! The gnoll hits you with a +0 halberd.
The gnoll hits you but does no damage.
You slash the gnoll!
You kill the gnoll!
You hit the gnoll but do no damage. The gnoll hits you but does no damage.
You hit the gnoll.
The gnoll is almost dead.
You closely miss the gnoll. The gnoll barely misses you.
The gnoll hits you with a +0 club.
You barely miss the gnoll.
The gnoll is almost dead.
You closely miss the gnoll. The gnoll closely misses you.
The gnoll hits you but does no damage. The gnoll barely misses you.
The gnoll hits you with a +0 club.
You die...

.....#...#..............# ##
..#####.................#########
## #.....#....................
#....###.................[.
##..## #...#............... ..##
##..................
#.K...##...#......#
##gg#####.#####..## ###@## #.#
##.# ###..## #.# ##.# ###....#
#.# ##..# #....#.# #.# #...#
##.##...# #.. ##### #.####.## ###
### ###


You could see 2 gnolls and a kobold.

Vanquished Creatures
  An ogre (D:4)
  A gnoll bouda (D:4)
  An orc priest (D:3)
  Terence (D:3)
  3 gnolls (D:4)
  An adder (D:3)
  An ufetubus (D:4)
  3 worms
  2 dart slugs
  4 orcs
  6 endoplasms
  A giant cockroach (D:1)
  5 goblins
  4 hobgoblins
  4 jackals (D:3)
  A quokka (D:1)
  6 ball pythons
  6 bats
  A frilled lizard (D:2)
  6 kobolds
  6 rats
64 creatures vanquished.

Notes
Turn   | Place    | Note
-------+----------+-------------------------------------------
     0 | D:1      | qw the Gargoyle Fighter began the quest for the Orb.
     0 | D:1      | Reached XP level 1. HP: 14/14 MP: 1/1
     0 | D:1      | 0 ||| qw: Version: 0.1-a-102-g441f92d
     0 | D:1      | 0 ||| qw: Game counter: 5325
     0 | D:1      | 0 ||| qw: Always use a shield: true
     0 | D:1      | 0 ||| qw: God list: Okawaru
     0 | D:1      | 0 ||| qw: Allow faded altars: false
     0 | D:1      | 0 ||| qw: Do Orc after D:15 true
     0 | D:1      | 0 ||| qw: Do second Lair branch before Depths: true
     0 | D:1      | 0 ||| qw: Lair rune preference: random
     0 | D:1      | 0 ||| qw: Plans: Normal
     0 | D:1      | 0 ||| PLANNING D:1-11
    84 | D:1      | Reached skill level 2 in Axes
   152 | D:1      | Reached XP level 2. HP: 19/19 MP: 2/2
   659 | D:1      | Reached skill level 3 in Axes
   666 | D:1      | Found a faded altar of an unknown god.
   676 | D:1      | Reached XP level 3. HP: 22/23 MP: 3/3
   841 | D:1      | 841 ||| READING scroll labelled TIGHURCH RECZY.
   842 | D:1      | 842 ||| READING scroll labelled WAUFUH BAUKK.
   843 | D:1      | 843 ||| READING scroll labelled AWISYP FEMOL.
   891 | D:1      | 891 ||| READING scroll labelled ESASUH OFUF.
  1002 | D:2      | 1002 ||| READING scroll of enchant weapon.
  1002 | D:2      | 1002 ||| ENCHANTING +1 war axe.
  1226 | D:2      | 1226 ||| DROPPING +0 whip.
  1342 | D:2      | 1342 ||| Stepping ~*~*~tactically~*~*~ (stealth).
  1673 | D:2      | 1673 ||| UPGRADING to ring of positive energy.
  1674 | D:2      | 1674 ||| READING scroll labelled IDONI ZAGRIDWOE.
  1675 | D:2      | 1675 ||| DRINKING 2 dark potions.
  1676 | D:2      | 1676 ||| DRINKING 2 golden potions.
  1677 | D:2      | 1677 ||| DROPPING potion of degeneration.
  1749 | D:3      | Noticed Terence
  1754 | D:3      | Killed Terence
  1755 | D:3      | Reached skill level 4 in Axes
  1755 | D:3      | Reached XP level 4. HP: 28/28 MP: 4/4
  2045 | D:3      | 2045 ||| DROPPING +1 mace of protection.
  2128 | D:3      | Reached XP level 5. HP: 30/32 MP: 5/5
  2203 | D:3      | 2203 ||| Stepping ~*~*~tactically~*~*~ (stealth).
  2204 | D:3      | 2204 ||| Stepping ~*~*~tactically~*~*~ (stealth).
  2206 | D:3      | 2206 ||| Stepping ~*~*~tactically~*~*~ (stealth).
  2207 | D:3      | 2207 ||| Stepping ~*~*~tactically~*~*~ (stealth).
  2481 | D:3      | Found a runed translucent gate.
  2481 | D:3      | Found a runed translucent gate.
  2481 | D:3      | Found a runed translucent gate.
  2482 | D:3      | Noticed qw's ghost (amateur OgEn)
  2482 | D:3      | Noticed qw's ghost (amateur OgEn)
  2483 | D:3      | Noticed qw's ghost (amateur FoCA)
  2483 | D:3      | Noticed qw's ghost (amateur GrFi)
  2486 | D:3      | 2486 ||| READING scroll labelled YNASTR VECRULA.
  2486 | D:3      | Identified a scroll of acquirement
  2486 | D:3      | 2486 ||| ACQUIRING ring of see invisible
  2486 | D:3      | Acquired a ring of see invisible
  2488 | D:3      | 2488 ||| UPGRADING to ring of see invisible.
  2489 | D:3      | 2489 ||| READING scroll labelled XOWOCHEBAD.
  2490 | D:3      | 2490 ||| READING scroll labelled YMUNAE HIUTS.
  2491 | D:3      | 2491 ||| READING scroll labelled PACIEQ RIURORY.
  2492 | D:3      | 2492 ||| READING 4 scrolls of identify.
  2492 | D:3      | 2492 ||| IDENTIFYING orange potion
  2493 | D:3      | 2493 ||| READING 3 scrolls of identify.
  2493 | D:3      | 2493 ||| IDENTIFYING ruby potion
  2494 | D:3      | 2494 ||| READING 2 scrolls of identify.
  2494 | D:3      | 2494 ||| IDENTIFYING puce potion
  2495 | D:3      | 2495 ||| DROPPING potion of attraction.
  2496 | D:3      | 2496 ||| DROPPING potion of magic.
  2644 | D:4      | Noticed an ogre
  2654 | D:4      | Killed an ogre
  2655 | D:4      | Reached skill level 5 in Axes
  2680 | D:4      | 2680 ||| FLEEEEING.
  2681 | D:4      | 2681 ||| FLEEEEING.
  2682 | D:4      | 2682 ||| FLEEEEING.
  2683 | D:4      | 2683 ||| FLEEEEING.
  2684 | D:4      | 2684 ||| FLEEEEING.
  2685 | D:4      | 2685 ||| FLEEEEING.
  2686 | D:4      | 2686 ||| FLEEEEING.
  2687 | D:4      | 2687 ||| FLEEEEING.
  2688 | D:4      | 2688 ||| FLEEEEING.
  2689 | D:4      | 2689 ||| FLEEEEING.
  2690 | D:4      | 2690 ||| FLEEEEING.
  2691 | D:4      | 2691 ||| FLEEEEING.
  2692 | D:4      | 2692 ||| FLEEEEING.
  2693 | D:4      | 2693 ||| FLEEEEING.
  2694 | D:4      | 2694 ||| FLEEEEING.
  2695 | D:4      | 2695 ||| FLEEEEING.
  2696 | D:4      | 2696 ||| FLEEEEING.
  2697 | D:4      | 2697 ||| FLEEEEING.
  2698 | D:4      | 2698 ||| FLEEEEING.
  2699 | D:4      | 2699 ||| FLEEEEING.
  2700 | D:4      | 2700 ||| FLEEEEING.
  2701 | D:4      | 2701 ||| FLEEEEING.
  2702 | D:4      | 2702 ||| FLEEEEING.
  2703 | D:4      | 2703 ||| FLEEEEING.
  2704 | D:4      | 2704 ||| FLEEEEING.
  2705 | D:4      | 2705 ||| FLEEEEING.
  2706 | D:4      | 2706 ||| FLEEEEING.
  2707 | D:4      | 2707 ||| FLEEEEING.
  2708 | D:4      | 2708 ||| FLEEEEING.
  2709 | D:4      | 2709 ||| STAIRDANCE
  2902 | D:4      | Reached XP level 6. HP: 37/37 MP: 6/6
  2946 | D:4      | 2946 ||| Stepping ~*~*~tactically~*~*~ (hiding).
  2949 | D:4      | 2949 ||| Stepping ~*~*~tactically~*~*~ (hiding).
  2963 | D:4      | HP: 9/38 [gnoll/+0 halberd[a gnoll bouda] (1)]
  2963 | D:4      | HP: 2/38 [gnoll/+0 spear[a gnoll bouda] (6)]
  2964 | D:4      | 2964 ||| DRINKING potion of heal wounds.
  2968 | D:4      | HP: 9/38 [gnoll/+0 halberd[a gnoll bouda] (3)]
  2972 | D:4      | HP: 2/38 [gnoll/+0 club[a gnoll bouda] (5)]
  2973 | D:4      | Slain by a gnoll

Levels and vault maps discovered:
D:1:      lightli_arrival_statue_moat, layout_basic,
          chequers_ecumenical_altar_island, st_stairs_4,
          hangedman_abyss_or_decor_lesser_grid
D:2:      layout_basic
D:3:      layout_basic, gammafunk_ghost_cemetery, minmay_door_square,
          minivault_14, uniq_terence
D:4:      layout_layer_cave

Skill      XL: |  1  2  3  4  5  6 |
---------------+-------------------+-----
Axes           | 2 3 4 5 |  5.4
Fighting       | 4 |  4.0
Armour         | |  3.2
Dodging        | |  0.2
Shields        | |  3.2

Action                   |  1- 3 |  4- 6 || total
-------------------------+-------+-------++-------
Melee: War axe           |    93 |    60 ||   153
Throw: Boomerang         |       |    10 ||    10
  Use: Scroll            |     6 |     7 ||    13
       Potion            |     2 |     1 ||     3
Armor: Scale mail        |    39 |    38 ||    77
Dodge: Dodged            |    45 |    46 ||    91
Block: Buckler           |    11 |    12 ||    23

Table legend:
 A = Non-vault XP
 B = Vault XP
 C = Vault XP percentage of total XP
 D = Non-vault monster count
 E = Vault monster count
 F = Vault count percentage of total count
                 A         B        C        D         E       F
            +---------+---------+-------+---------+---------+-------
      Total |     366 |      38 |   9.4 |      61 |       3 |   4.7
            +---------+---------+-------+---------+---------+-------
        D:1 |      38 |       2 |   5.0 |      21 |       2 |   8.7
        D:2 |      26 |       0 |   0.0 |      11 |       0 |   0.0
        D:3 |      84 |      36 |  30.0 |      18 |       1 |   5.3
        D:4 |     218 |       0 |   0.0 |      11 |       0 |   0.0
            +---------+---------+-------+---------+---------+-------
